 Dungeon Crawl Stone Soup version 0.20-a0-16-g0876c8e (webtiles) character file.

1132 newbish11 the Firebug (level 8, -4/41 HPs)
             Began as a Deep Elf Fire Elementalist on Nov 4, 2016.
             Slain by a centaur (8 damage)
             ... on level 5 of the Dungeon.
             The game lasted 00:20:39 (4235 turns).

newbish11 the Firebug (Deep Elf Fire Elementalist)  Turns: 4235, Time: 00:20:40

Health: -4/41      AC:  3    Str:  5    XL:     8   Next: 13%
Magic:  12/18      EV: 12    Int: 23    God:
Gold:   261        SH:  2    Dex: 11    Spells: 4 memorised, 4 levels left

rFire  . . .     SeeInvis +     m - +5 dagger
rCold  . . .     Gourm    .     a - +0 robe
rNeg   . . .     Faith    .     (no shield)
rPois  .         Spirit   .     (no helmet)
rElec  .         Reflect  +     k - +0 cloak
rCorr  .         Harm     .     (no gloves)
MR     .....                    (no boots)
Stlth  ++........               q - +2 amulet of reflection
                                u - ring of see invisible
                                E - -4 ring of dexterity

@: no status effects
A: no striking features
a: no special abilities


You were on level 5 of the Dungeon.
You were not hungry.

You visited 1 branch of the dungeon, and saw 5 of its levels.

You collected 261 gold pieces.

Inventory:

Hand Weapons
 m - a +5 dagger (weapon)
Armour
 a - a +0 robe (worn)
 k - a +0 cloak (worn)
Jewellery
 q - a +2 amulet of reflection (around neck)
 u - a ring of see invisible (right hand)
 E - a -4 ring of dexterity (left hand)
Wands
 r - a wand of acid (3/15)
 w - a wand of lightning (14/15)
 x - a wand of paralysis (15/24)
Scrolls
 e - a scroll of identify
 h - 2 scrolls of blinking
 l - a scroll of recharging
 n - 3 scrolls of enchant weapon
 v - a scroll of fog
Potions
 d - a potion of magic {unknown}
 f - a potion of might {unknown}
 i - 2 potions of mutation {unknown}
 p - 2 potions of haste {unknown}
 s - a potion of curing {unknown}
 t - 2 potions of lignification {unknown}
 z - a potion of resistance {unknown}
 B - 2 potions of berserk rage {unknown}
 C - a potion of agility {unknown}
Comestibles
 c - 3 bread rations
 g - a slice of pizza
 o - a beef jerky
 D - 2 fruits


   Skills:
 - Level 2.4 Dodging
 - Level 2.4 Stealth
 - Level 5.4 Spellcasting
 + Level 7.2 Conjurations
 + Level 7.4 Fire Magic


You had 4 spell levels left.
You knew the following spells:

 Your Spells              Type           Power        Failure   Level  Hunger
a - Flame Tongue          Conj/Fire      #####        1%          1    None
b - Conjure Flame         Conj/Fire      #####...     1%          3    ##.....
c - Sticky Flame          Conj/Fire      #####...     6%          4    ####...
d - Fireball              Conj/Fire      #####.....   14%         5    #####..


Dungeon Overview and Level Annotations

Branches:
Dungeon (5/15)
 Temple: D:4-7

Altars:
Kikubaaqudgha
Nemelex Xobeh
Qazlal
Ru
Trog
Xom

Portals:
Ossuary: D:5


Message History

Confirm with . or Enter, or press ? or * to list all spells.
You don't know that spell.
Casting: Flame Tongue
Confirm with . or Enter, or press ? or * to list all spells.
Aiming: Sticky Flame
Press: ? - help, Shift-Dir - straight line, f - centaur
Aim: a centaur The sticky flame hits the centaur.
The centaur is lightly wounded.
The centaur is covered in liquid flames!
The centaur burns!
The centaur closely misses you.
Casting: Sticky Flame
Confirm with . or Enter, or press ? or * to list all spells.
Aiming: Flame Tongue
Press: ? - help, Shift-Dir - straight line, f/p - centaur
Aim: a centaur (moderately wounded, covered in liquid flames)
The flame tongue hits the centaur.
The centaur is severely wounded.
The centaur burns!
The centaur misses you. The centaur hits you!
You die...

..# #...# ..#
###..# ..# #
#....# ..# ..
#.##># ..# ...
#.#### ..# ....
#..## ### .....
####...#
......###......#
......c@(.^^^..#
....#.....^_^..#
. #......^..##
###.......#
........##
###...##.# #####
.# #


You could see a centaur (burning).

Vanquished Creatures
  Pikel (D:5)
  An orc warrior (D:5)
  An ogre (D:5)
  2 scorpions
  A hound (D:4)
  A bullfrog skeleton (D:5)
  A centaur skeleton (D:4)
  2 iguanas
  An orc wizard (D:5)
  2 worker ants (D:4)
  7 gnolls
  An adder (D:4)
  A shadow imp (D:5)
  An ooze (D:4)
  An adder skeleton (D:5)
  3 worms
  3 dart slugs (D:1)
  2 leopard geckos
  20 orcs
  3 bats (D:2)
  2 giant cockroaches
  10 goblins
  5 hobgoblins
  2 jackals (D:2)
  5 quokkas
  A ball python (D:5)
  6 frilled lizards
  A jackal skeleton (D:4)
  A leopard gecko zombie (D:5)
  5 rats
  A plant (D:1)
94 creatures vanquished.

Vanquished Creatures (others)
  An orc (D:5)
  A giant cockroach (D:5)
2 creatures vanquished.

Grand Total: 96 creatures vanquished

Notes
Turn   | Place    | Note
-------+----------+-------------------------------------------
     0 | D:1      | newbish11 the Deep Elf Fire Elementalist began the quest for the Orb.
     0 | D:1      | Reached XP level 1. HP: 10/10 MP: 6/6
   155 | D:1      | Reached XP level 2. HP: 15/15 MP: 1/8
  1040 | D:2      | Reached XP level 3. HP: 19/19 MP: 4/9
  1547 | D:2      | Reached XP level 4. HP: 13/24 MP: 5/10
  2061 | D:3      | Learned a level 3 spell: Conjure Flame
  2066 | D:3      | Learned a level 4 spell: Sticky Flame
  2258 | D:3      | Found a bloodstained altar of Trog.
  2261 | D:3      | Found a sparkling altar of Nemelex Xobeh.
  2318 | D:3      | Found an ancient bone altar of Kikubaaqudgha.
  2478 | D:3      | Reached XP level 5. HP: 24/28 MP: 5/12
  3029 | D:4      | Reached skill level 5 in Fire Magic
  3057 | D:4      | Reached XP level 6. HP: 32/32 MP: 11/14
  3105 | D:4      | Found a stormy altar of Qazlal.
  3156 | D:4      | Reached skill level 5 in Conjurations
  3618 | D:5      | Entered Level 5 of the Dungeon
  3618 | D:5      | Found a sacrificial altar of Ru.
  3701 | D:5      | Noticed an orc warrior
  3919 | D:5      | Killed an orc warrior
  3919 | D:5      | Reached skill level 5 in Spellcasting
  3919 | D:5      | Reached XP level 7. HP: 36/36 MP: 0/16
  3938 | D:5      | Found a sand-covered staircase.
  3991 | D:5      | Learned a level 5 spell: Fireball
  4046 | D:5      | Noticed Pikel
  4063 | D:5      | Killed Pikel
  4063 | D:5      | Reached XP level 8. HP: 17/41 MP: 2/18
  4220 | D:5      | Found a shimmering altar of Xom.
  4235 | D:5      | Slain by a centaur

Vault maps used:
D:1:      minmay_arrival_four_houses, serial_forest,
          infiniplex_forest_clump_double, infiniplex_forest_lined_corner,
          infiniplex_forest_split, infiniplex_forest_diagonal,
          infiniplex_forest_end_2, infiniplex_forest_zigzag_1
D:2:      roderic_lattice_a
D:3:      lemuel_round_altar, minitemple, first_bread
D:4:      grunt_qazlal_sundering
D:5:      nicolae_ossuary_entry_false_entrances, basic_altar, roderic_batcave,
          xom_teletrap_fun, uniq_pikel

Skill      XL: |  1  2  3  4  5  6  7 |
---------------+----------------------+-----
Conjurations   | 2 3 4 5 7 |  7.2
Fire Magic     | 4 5 7 |  7.4
Spellcasting   | 4 5 |  5.4
Dodging        | |  2.4
Stealth        | |  2.4

Action                   |  1- 3 |  4- 6 |  7- 9 || total
-------------------------+-------+-------+-------++-------
Melee: Spear             |   174 |       |       ||   174
       Unarmed           |     3 |       |       ||     3
       Dagger            |       |     4 |     8 ||    12
 Cast: Flame Tongue      |    66 |   115 |    11 ||   192
       Conjure Flame     |       |     6 |     1 ||     7
       Sticky Flame      |       |     1 |     5 ||     6
Evoke: Wand              |       |       |     1 ||     1
  Use: Scroll            |     2 |     9 |       ||    11
 Stab: Sleeping          |       |     1 |       ||     1
  Eat: Meat ration       |     1 |       |     1 ||     2
       Chunk             |       |     3 |       ||     3
Armor: Robe              |     3 |     8 |     1 ||    12
Dodge: Dodged            |    24 |    22 |    10 ||    56
Block: Other             |       |       |     2 ||     2
